[Event "*** Titled Tuesday Blitz"]
[Site "Chess.com"]
[Date "2021.02.02"]
[Round "5"]
[White "Smile2005"]
[Black "Tpros"]
[Result "0-1"]
[WhiteElo "2348"]
[BlackElo "2514"]
[TimeControl "180+1"]
[EndTime "10:58:38 PST"]
[Termination "Tpros won by checkmate"]

1. Nf3 Nf6 2. g3 g6 3. Bg2 Bg7 4. O-O O-O 5. d3 d6 6. e4 e5 7. Nc3 c6 8. d4 Nbd7 9. h3 h6 10. Be3 a6 11. Qd2 Kh7 12. Rfe1 b5 13. a3 Bb7 14.
Rad1 Qc7 15. dxe5 dxe5 16. Qd6 Rac8 17. b4 Rfe8 18. Qxc7 Rxc7 19. Rd6 Bf8 20. Rd2 a5 21. Na2 Ra8 22. c3 axb4 23. axb4 Ra3 24. Red1 Be7 25.
Ne1 Bc8 26. Rb2 Nf8 27. Nc2 Ra4 28. Nc1 Ne6 29. Nb3 c5 30. Nxc5 Nxc5 31. bxc5 Bxc5 32. Rxb5 Bxe3 33. Nxe3 Rxc3 34. Rxe5 h5 35. Nd5 Nxd5 36.
exd5 Ra7 37. d6 Kg7 38. Re7 Rd7 39. Re8 h4 40. gxh4 Kf6 41. Re3 Rc4 42. Bd5 Rxd6 43.
Rf3+ Bf5 44. Bxc4 Rxd1+ 45. Kg2 Ke5 46. h5 Be4 47. Bxf7 Rd3 48. hxg6 Rxf3 49. Kg1 Rxh3 50.
g7 Rh1# 0-1

[Event "*** Titled Tuesday Blitz"]
[Site "Chess.com"]
[Date "2021.02.02"]
[Round "5"]
[White "Vyacheslav_N"]
[Black "LamaChampetre"]
[Result "1-0"]
[WhiteElo "2371"]
[BlackElo "2214"]
[TimeControl "180+1"]
[EndTime "10:58:39 PST"]
[Termination "Vyacheslav_N won on time"]

1. e4 c5 2. Nf3 g6 3. h4 Nc6 4. h5 Bg7 5. d3 d5 6. h6 Bf6 7.
Nc3 Bxc3+ 8. bxc3 dxe4 9. dxe4 Qxd1+ 10. Kxd1 Bg4 11. Be3 O-O-O+ 12. Ke1 Nf6 13. Ng5 Be6 14. f3 b6 15. Nxe6 fxe6 16. Bc4 e5 17. a4 Kc7 18. g4 Rd6 19. Be2 Rhd8 20. Rd1 Rxd1+ 21. Bxd1 Na5 22. Be2 Nc6 23. g5 Ne8 24. f4 Nd6 25. f5 gxf5 26. exf5 Nxf5 27. Bf2 e4 28. Bg4 Rf8 29. Bg1 Ng3 30. Bh2 e5 31. Bxg3 Rg8 32. Bh4 Ne7 33. Rf1 Ng6 34. Rf7+ Kc6 35. Bg3 Kd5 36. Rf6 Kc4 37.
Be6+ 1-0

[Event "*** Titled Tuesday Blitz"]
[Site "Chess.com"]
[Date "2021.02.02"]
[Round "5"]
[White "K_A_S_T_O_R"]
[Black "Korchmar_Vasiliy"]
[Result "0-1"]
[WhiteElo "2729"]
[BlackElo "2581"]
[TimeControl "180+1"]
[EndTime "10:58:40 PST"]
[Termination "Korchmar_Vasiliy won by resignation"]

1. e4 c5 2. Nf3 d6 3. d4 cxd4 4. Nxd4 Nf6 5. Nc3 Nc6 6. Bg5 e6 7. Qd2 a6 8. O-O-O h6 9. Be3 Be7 10. f3 Nxd4 11. Bxd4 b5 12. Kb1 b4 13. Ne2 e5 14. Be3 Be6 15. Qxb4 O-O 16. Nc3 d5 17.
Bc5 Bxc5 18. Qxc5 Rc8 19. Qa3 d4 20. Na4 Qa5 21. Bd3 Rb8 22. Ka1 Rb4 23. b3 Bd7 24. Rb1 Rc8 25. Rhc1 Ne8 26. c3 dxc3 27. Bc2 Nd6 28.
Rd1 Nb5 29. Qc1 Nd4 30. Rd3 Bxa4 31. bxa4 Rb2 32. Bd1 Rxg2 33. Rb7 c2 34. Bxc2 Rcxc2 35. Qb1 Qxa4 36. a3 Qc4 0-1

[Event "*** Titled Tuesday Blitz"]
[Site "Chess.com"]
[Date "2021.02.02"]
[Round "5"]
[White "rachidhuilda"]
[Black "publicaccountcze"]
[Result "1-0"]
[WhiteElo "2227"]
[BlackElo "2355"]
[TimeControl "180+1"]
[EndTime "10:58:40 PST"]
[Termination "rachidhuilda won on time"]

1. d4 d5 2. c4 e6 3. Nf3 c5 4.
e3 Nf6 5. Nc3 a6 6. a3 dxc4 7.
Bxc4 b5 8. Bd3 Nc6 9. O-O Bb7 10. dxc5 Bxc5 11. b4 Bb6 12. Bb2 O-O 13. Qe2 Qe7 14. Rfd1 Rfd8 15. Rac1 Rac8 16. Bb1 Rxd1+ 17. Rxd1 Rd8 18.
Rxd8+ Qxd8 19. Qd2 Qxd2 20. Nxd2 Ne7 21. Nb3 Ned5 22.
Nxd5 Bxd5 23. Nc5 a5 24. Bd4 axb4 25. axb4 Ne8 26. Nxe6 Bxd4 27. Nxd4 Nd6 28. f3 Kf8 29. e4 Bc4 30. Kf2 Ke7 31. Ke3 Nc8 32. Bd3 Bxd3 33. Kxd3 Nd6 34. e5 Nc4 35. f4 Na3 36. Ke4 f6 37. Kd5 fxe5 38. fxe5 Nc4 39. g3 Na3 40. Nf5+ 1-0

[Event "*** Titled Tuesday Blitz"]
[Site "Chess.com"]
[Date "2021.02.02"]
[Round "5"]
[White "Iball95"]
[Black "ChristopherYoo"]
[Result "1-0"]
[WhiteElo "2622"]
[BlackElo "2847"]
[TimeControl "180+1"]
[EndTime "10:58:41 PST"]
[Termination "Iball95 won on time"]

1. e4 c5 2. Nf3 Nc6 3. Bb5 g6 4. Bxc6 bxc6 5. O-O Bg7 6. Re1 Nf6 7. e5 Nd5 8. d4 cxd4 9. Qxd4 Qb6 10. Qh4 h6 11. a3 Ba6 12. c4 Nc7 13. b4 Ne6 14. Bb2 g5 15. Qe4 d5 16. cxd5 cxd5 17. Qxd5 Bb7 18. Qb3 Rd8 19. Nbd2 g4 20. Nc4 Qb5 21. a4 Qc6 22.
Na5 Qd5 23. Nh4 Qxb3 24. Nxb3 h5 25. Rad1 Rxd1 26. Rxd1 Bh6 27. Na5 Be4 28. b5 Bg5 29. g3 Bxh4 30. gxh4 O-O 31. Nc6 Nf4 32. Nxe7+ Kh7 33.
Rd7 Ra8 34. Kf1 1-0

[Event "*** Titled Tuesday Blitz"]
[Site "Chess.com"]
[Date "2021.02.02"]
[Round "5"]
[White "Susik_Gaboyan"]
[Black "Grandmaster2B"]
[Result "1-0"]
[WhiteElo "2322"]
[BlackElo "2584"]
[TimeControl "180+1"]
[EndTime "10:58:41 PST"]
[Termination "Susik_Gaboyan won by resignation"]

1. Nf3 Nf6 2. g3 b5 3. Bg2 Bb7 4. O-O e6 5. d3 Be7 6. a4 b4 7. e4 d5 8. e5 Nfd7 9. d4 c5 10. c3 Nc6 11. h4 O-O 12. Be3 c4 13. Nbd2 Rb8 14. Ng5 h6 15. Nh3 bxc3 16. bxc3 Na5 17. Nf4 Bc6 18. Nh5 Kh7 19. Qg4 g6 20. Qf4 g5 21.
Qg4 Rg8 22. Qf3 Qe8 23. Rab1 Rxb1 24. Rxb1 Nxe5 25. dxe5 d4 26. Ne4 dxe3 27. Nhf6+ Bxf6 28. Nxf6+ Kh8 29. Qh5 Qf8 30. Rb8 exf2+ 31. Kh2 f1=Q 32. Bxf1 1-0

[Event "*** Titled Tuesday Blitz"]
[Site "Chess.com"]
[Date "2021.02.02"]
[Round "5"]
[White "bazar-wokzal"]
[Black "tk22h"]
[Result "0-1"]
[WhiteElo "2513"]
[BlackElo "2366"]
[TimeControl "180+1"]
[EndTime "10:58:41 PST"]
[Termination "tk22h won by resignation"]

1. e4 e5 2. Bc4 Nf6 3. d3 c6 4. Nf3 Be7 5. O-O d6 6. Nc3 O-O 7. a4 a5 8. h3 Na6 9. Bg5 Nc7 10. Qe2 Be6 11. Rad1 Bxc4 12. dxc4 Ne6 13. Be3 Qc7 14. Ng5 Nd4 15. Bxd4 exd4 16. Rxd4 Rfe8 17. Rfd1 h6 18. Nf3 Bf8 19. Nd2 Re6 20. Qf3 Rae8 21. Re1 Qb6 22. Nb3 Qc7 23. Rd3 Nd7 24. Qg3 Ne5 25.
Rd4 Nd7 26. c5 Qb8 27. cxd6 Bxd6 28. Qh4 Nc5 29. Nxc5 Bxc5 30. Rd7 Bb4 31. Qh5 R6e7 32. Rxe7 Rxe7 33. Re3 Qd6 34. Rg3 Bxc3 35. bxc3 Rxe4 36.
Kh2 Rxa4 37. Qf5 Rf4 38. Qc8+ Kh7 39. Qxb7 Rxf2 40. Qa6 Rf5 41. Qe2 Rg5 42. Qe4+ g6 43. Qd3 Qxg3+ 44. Qxg3 Rxg3 45. Kxg3 a4 0-1

[Event "*** Titled Tuesday Blitz"]
[Site "Chess.com"]
[Date "2021.02.02"]
[Round "5"]
[White "chesslh19"]
[Black "KeithArkell"]
[Result "0-1"]
[WhiteElo "2249"]
[BlackElo "2420"]
[TimeControl "180+1"]
[EndTime "10:58:41 PST"]
[Termination "KeithArkell won by resignation"]

1. e4 c6 2. d4 d5 3. Nd2 dxe4 4. Nxe4 Nd7 5. Nf3 Ngf6 6. Nxf6+ Nxf6 7. c3 Bg4 8. h3 Bxf3 9. Qxf3 e6 10. g3 Qd5 11.
Bg2 Be7 12. Qxd5 cxd5 13. Bg5 Nd7 14. Bf4 Nb6 15. O-O Kd7 16. Rfe1 Bd6 17. Bxd6 Kxd6 18. Bf1 Rhc8 19. Bd3 g6 20. Re2 Ke7 21. h4 h6 22. Kg2 Kf6 23. f4 Rc7 24. Rf1 h5 25. Kf3 Nc4 26. Rh1 b5 27. g4 hxg4+ 28. Kxg4 Nd6 29. h5 Rh8 30. Reh2 gxh5+ 31. Rxh5 Rxh5 32. Rxh5 a5 33. a3 b4 34. axb4 axb4 35. cxb4 Rb7 36.
b5 Nxb5 37. Bxb5 Rxb5 38. Rh2 Rb3 39. Rd2 Re3 40. Rd1 Re2 41. Rb1 Rd2 42. b4 Rxd4 43. b5 Rc4 44. b6 Rc8 45. b7 Rg8+ 46. Kf3 Rb8 47. Ke3 Ke7 48. Kd4 Kd6 49. Rb2 Kc7 50. Ke5 Rxb7 51. Rc2+ Kd7 52. Kf6 Rb4 53. f5 Rf4 54. Kxf7 Rxf5+ 55. Kg6 Kd6 56. Rc8 d4 57.
Rd8+ Ke5 58. Re8 d3 59. Rd8 Rf3 60. Kg5 Ke4 61. Kg4 e5 62. Rd7 Rf1 63. Rd8 Ke3 64.
Kg3 e4 65. Kg2 Ke2 66. Rd7 Rf6 67. Rd5 e3 68. Kg1 d2 0-1

[Event "*** Titled Tuesday Blitz"]
[Site "Chess.com"]
[Date "2021.02.02"]
[Round "5"]
[White "dozer80"]
[Black "dretch"]
[Result "0-1"]
[WhiteElo "2595"]
[BlackElo "2840"]
[TimeControl "180+1"]
[EndTime "10:58:42 PST"]
[Termination "dretch won by checkmate"]

1. e4 e6 2. d4 d5 3. Nc3 Nf6 4.
Bg5 dxe4 5. Nxe4 Be7 6. Bxf6 Bxf6 7. Nf3 Nd7 8. Bd3 c5 9. dxc5 Nxc5 10. Bb5+ Bd7 11. Bxd7+ Nxd7 12. O-O O-O 13. c3 Be7 14.
Qe2 Qc7 15. Rfe1 Rad8 16. Nd4 Nf6 17. Ng5 Bc5 18. Nb3 Bb6 19. Rad1 Qf4 20. Nh3 Qf5 21.
c4 g5 22. c5 Bc7 23. f3 h5 24. Nf2 g4 25. Ne4 Nxe4 26. fxe4 Qg5 27. g3 h4 28. Kg2 Be5 29. Rxd8 Rxd8 30. Rf1 Qh5 31. Qf2 hxg3 32. hxg3 Rd3 33. Rh1 Qg6 34. Qe2 Rxg3+ 35. Kf2 Rf3+ 36. Ke1 Bxb2 37. Qxb2 Qxe4+ 38. Kd1 Rd3+ 39. Kc2 Rd4+ 40. Kc3 Qd3# 0-1

[Event "*** Titled Tuesday Blitz"]
[Site "Chess.com"]
[Date "2021.02.02"]
[Round "5"]
[White "Rogarcia1"]
[Black "profofchess"]
[Result "1-0"]
[WhiteElo "2268"]
[BlackElo "2395"]
[TimeControl "180+1"]
[EndTime "10:58:43 PST"]
[Termination "Rogarcia1 won on time"]

1. e4 e6 2. d4 d5 3. e5 c5 4. c3 Nc6 5. Nf3 Bd7 6. Be2 a6 7. O-O Nh6 8. Bxh6 gxh6 9. Qd2 Bg7 10. Na3 b6 11. Nc2 Ne7 12. Bd3 Ng6 13. Qe3 Qe7 14. dxc5 bxc5 15. b4 cxb4 16. cxb4 Bb5 17. Ncd4 Bxd3 18.
Qxd3 O-O 19. Nc6 Qb7 20. Rac1 Rfc8 21. Na5 Qb5 22. Qd4 Bf8 23. a3 Qa4 24. Nb7 Qxa3 25. Rb1 Qa2 26. Nd6 Rc2 27. Ra1 Qb3 28. Qb6 Qc3 29.
Rae1 Rb2 30. Qb7 1-0

[Event "*** Titled Tuesday Blitz"]
[Site "Chess.com"]
[Date "2021.02.02"]
[Round "5"]
[White "KuzubovYuriy"]
[Black "L1m96"]
[Result "1/2-1/2"]
[WhiteElo "2838"]
[BlackElo "2558"]
[TimeControl "180+1"]
[EndTime "10:58:44 PST"]
[Termination "Game drawn by repetition"]

1. d4 Nf6 2. Nf3 e6 3. c4 b6 4. g3 Ba6 5. Qc2 Bb4+ 6. Bd2 Qe7 7. e4 Bxd2+ 8. Nbxd2 d6 9. Bg2 e5 10.
O-O O-O 11. Rfe1 Nbd7 12. Nf1 Bb7 13. d5 a5 14. Ne3 g6 15. b3 c6 16. dxc6 Bxc6 17.
Nd2 Rfc8 18. Rad1 Nc5 19. Nd5 Bxd5 20. exd5 Qb7 21. Qc3 Ncd7 22. Bh3 Re8 23. f4 exf4 24. Bxd7 Nxd7 25. Ne4 Qc7 26. gxf4 Re7 27. Re2 Rae8 28. Rde1 f5 29. Ng3 Rxe2 30. Rxe2 Rxe2 31. Nxe2 Qd8 32. Nd4 Qf6 33. Qe3 Nc5 34. Qe8+ Kg7 35. Ne6+ Nxe6 36.
dxe6 Qd4+ 37. Kg2 Qd2+ 38. Kg1 Qe1+ 39. Kg2 Qe2+ 40. Kg1 Qe3+ 41. Kg2 Qe4+ 42. Kg1 Qe1+ 43. Kg2 Qe2+ 44. Kg1 Qe1+ 1/2-1/2

[Event "*** Titled Tuesday Blitz"]
[Site "Chess.com"]
[Date "2021.02.02"]
[Round "5"]
[White "MasterMK73"]
[Black "SHIVACalypso"]
[Result "0-1"]
[WhiteElo "2219"]
[BlackElo "2375"]
[TimeControl "180+1"]
[EndTime "10:58:44 PST"]
[Termination "SHIVACalypso won by resignation"]

1. e4 e6 2. d4 d5 3. Nd2 Nf6 4. e5 Nfd7 5. c3 c5 6. f4 Nc6 7. Ndf3 cxd4 8. cxd4 a5 9. Bd3 g6 10.
Ne2 a4 11. O-O Nb4 12. Bb1 b5 13. Ng5 Be7 14. Nc3 Ba6 15. Qf3 Nb6 16. Nh3 Rc8 17. a3 Nc6 18. Rd1 Na5 19. Bc2 Nbc4 20. g4 h5 21. g5 Qb6 22. f5 gxf5 23. Nf4 Nxe5 24. Qe2 Nac6 25. Ncxd5 exd5 26. Nxd5 Nxd4 27. Qf2 Ndf3+ 28.
Kg2 Qxf2+ 29. Kxf2 Rxc2+ 30. Kf1 b4+ 0-1

[Event "*** Titled Tuesday Blitz"]
[Site "Chess.com"]
[Date "2021.02.02"]
[Round "5"]
[White "AttilaTurzo"]
[Black "cassoulet"]
[Result "0-1"]
[WhiteElo "2547"]
[BlackElo "2762"]
[TimeControl "180+1"]
[EndTime "10:58:45 PST"]
[Termination "cassoulet won on time"]

1. d4 Nf6 2. Nf3 g6 3. Bg5 Bg7 4. c3 d5 5. Nbd2 Nbd7 6. e3 O-O 7. Be2 c5 8. O-O b6 9. a4 Bb7 10. a5 Ne4 11. Bf4 Bc6 12. axb6 axb6 13. Qb3 e6 14.
Bb5 Qc8 15. Nxe4 dxe4 16. Nd2 Bd5 17. Rxa8 Bxa8 18. Nc4 Bd5 19. Qa4 Bxc4 20. Qxc4 Nf6 21. dxc5 Qxc5 22. Qxc5 bxc5 23. Bd6 Rc8 24. Ra1 Bf8 25.
Be5 Nd5 26. Kf1 h5 27. Ra7 h4 28. c4 Nb4 29. Rc7 Rxc7 30. Bxc7 Bg7 31. b3 Nd3 32. Ba4 Be5 33. Bxe5 Nxe5 34. Ke2 Kf8 35. Kd2 Ke7 36. Ke2 Kd6 37. f4 exf3+ 38. gxf3 g5 39. Be8 f5 40. f4 gxf4 41. exf4 Ng4 42. h3 Nf6 43. Ba4 Ne4 44. Be8 e5 45. fxe5+ Kxe5 46. Bg6 Ng5 47. Kd3 Nxh3 48.
Kc3 Nf4 49. Be8 Ne2+ 50. Kd3 Nd4 51. Kc3 h3 0-1

[Event "*** Titled Tuesday Blitz"]
[Site "Chess.com"]
[Date "2021.02.02"]
[Round "5"]
[White "VladimirPotkin"]
[Black "dopolian"]
[Result "1-0"]
[WhiteElo "2647"]
[BlackElo "2441"]
[TimeControl "180+1"]
[EndTime "10:58:46 PST"]
[Termination "VladimirPotkin won by resignation"]

1. Nf3 d5 2. e3 c5 3. b3 Nc6 4. Bb5 Bd7 5. Bb2 Nf6 6. O-O e6 7. Bxc6 Bxc6 8. Ne5 Qc7 9. d3 Bd6 10. f4 O-O 11. Nd2 Nd7 12. Nxc6 Qxc6 13. Qg4 e5 14. Nf3 Rae8 15. Rae1 f6 16. Nh4 Kh8 17. Nf5 Rg8 18.
Rf3 d4 19. Rh3 Nf8 20. exd4 exd4 21. Rxe8 Qxe8 22. Kf1 Qe6 23. Nxd6 Qxd6 24. Bc1 h6 25. f5 Nh7 26. Rg3 Ng5 27. h4 Nf7 28. Bf4 Qe7 29.
Qh5 Re8 30. Kg1 Rg8 31. Kh2 Kh7 32. Qg6+ Kh8 33. a3 Qd7 34. b4 b6 35. bxc5 bxc5 36. a4 Qe7 37. a5 Nd6 38. Bxh6 Qe8 39. Bxg7+ 1-0

[Event "*** Titled Tuesday Blitz"]
[Site "Chess.com"]
[Date "2021.02.02"]
[Round "5"]
[White "Skat2704"]
[Black "DenisQ"]
[Result "1-0"]
[WhiteElo "2515"]
[BlackElo "2655"]
[TimeControl "180+1"]
[EndTime "10:58:47 PST"]
[Termination "Skat2704 won on time"]

1. d4 Nf6 2. c4 g6 3. Nf3 Bg7 4. Nc3 d5 5. e3 O-O 6. cxd5 Nxd5 7. Bc4 Nb6 8. Bb3 Na6 9. O-O c5 10. h3 Bd7 11. d5 c4 12. Bc2 e6 13. e4 Nb4 14.
Bg5 f6 15. Be3 exd5 16. exd5 Nxc2 17. Qxc2 Re8 18. Qd2 Rc8 19. Rad1 Na4 20. Bd4 Qa5 21. Rfe1 Qb4 22. Ne4 Qxd2 23. Nfxd2 f5 24. Bxg7 Kxg7 25. Nd6 Rxe1+ 26. Rxe1 Rc7 27. Re7+ Kf6 28. Rxh7 Ke5 29. Ne8 Rc8 30. Rxd7 Rxe8 31. Nxc4+ Kd4 32. b3 Nc5 33. Rg7 b5 34. Ne3 f4 35. Nc2+ Kc3 36. Rxa7 Rc8 37. Na3 Kb4 38. d6 Rd8 39. Nc2+ Kc3 40. Rc7 1-0

[Event "*** Titled Tuesday Blitz"]
[Site "Chess.com"]
[Date "2021.02.02"]
[Round "5"]
[White "FontVella8"]
[Black "superchess02"]
[Result "1-0"]
[WhiteElo "2592"]
[BlackElo "2790"]
[TimeControl "180+1"]
[EndTime "10:58:48 PST"]
[Termination "FontVella8 won by resignation"]

1. e4 Nf6 2. e5 Nd5 3. d4 d6 4.
Nf3 Nc6 5. c4 Nb6 6. exd6 cxd6 7. Be3 g6 8. Nc3 Bg7 9. Rc1 O-O 10. b3 e5 11. Be2 Bg4 12. d5 Ne7 13. O-O Bxf3 14.
Bxf3 f5 15. g3 Nd7 16. Bg2 a6 17. b4 Rc8 18. c5 f4 19. cxd6 Nf5 20. Bd2 Nd4 21.
Ne4 Rxc1 22. Bxc1 Nf6 23. Nxf6+ Qxf6 24. Be4 Qxd6 25. a3 Qd7 26. Bb2 Nb5 27. d6 Nd4 28.
Bxd4 exd4 29. Qb3+ Kh8 30. Qd5 b6 31. Rc1 Rd8 32.
Rc7 Qg4 33. Qf7 Rg8 34. Bd5 Qd1+ 35. Kg2 f3+ 36. Bxf3 Qe2 37. Bd5 1-0

[Event "*** Titled Tuesday Blitz"]
[Site "Chess.com"]
[Date "2021.02.02"]
[Round "5"]
[White "jacky72"]
[Black "CrushingKings"]
[Result "1-0"]
[WhiteElo "2682"]
[BlackElo "2346"]
[TimeControl "180+1"]
[EndTime "10:58:48 PST"]
[Termination "jacky72 won by resignation"]

1. d4 Nf6 2. c4 g6 3. Nc3 d6 4. e4 Bg7 5. Be2 Nbd7 6. Bg5 e5 7. d5 Nc5 8. f3 a5 9. Qd2 Bd7 10. h4 h6 11. Be3 Nh5 12. Bf2 Nf4 13. g3 Nxe2 14.
Ngxe2 f5 15. Bxc5 dxc5 16. h5 Qg5 17. hxg6 Qxg6 18. O-O-O O-O-O 19. exf5 Bxf5 20. g4 Bd7 21. Ne4 b6 22. N2g3 Rdf8 23. Qd3 Rf7 24. Rdf1 Rhf8 25. Kc2 Kb8 26. b3 Ka7 27. a3 Bf6 28. Nxc5 e4 29. Qxe4 Qg7 30. Nxd7 Rxd7 31. Nf5 Qf7 32. Qe6 Bg5 33. Qxf7 Rdxf7 34. f4 Bd8 35. Rxh6 Rg8 36. Ne3 Re7 37. Kd3 Rge8 38. Re6 Rxe6 39. dxe6 Rxe6 40. f5 Rd6+ 41. Ke4 Bg5 42. Nd5 c6 43. Nf4 Kb7 44. Ne6 Be7 45. Ke5 Rd3 46. f6 Bxa3 47. f7 Rg3 48. g5 Bb2+ 49. Kf5 Ba3 50. g6 Rxb3 51. g7 b5 52. c5 1-0

[Event "*** Titled Tuesday Blitz"]
[Site "Chess.com"]
[Date "2021.02.02"]
[Round "5"]
[White "LucaBrasi1968"]
[Black "Alexchess1984"]
[Result "0-1"]
[WhiteElo "2502"]
[BlackElo "2684"]
[TimeControl "180+1"]
[EndTime "10:58:48 PST"]
[Termination "Alexchess1984 won on time"]

1. e4 c5 2. c3 g6 3. d4 cxd4 4. cxd4 d5 5. e5 a6 6. Nc3 Nc6 7.
Bf4 Bg7 8. h3 e6 9. Nf3 f6 10. exf6 Nxf6 11. Be2 O-O 12. O-O Nh5 13. Be3 Nf4 14. Qd2 Nxe2+ 15. Nxe2 Rxf3 16. gxf3 e5 17. dxe5 Bxh3 18. Rfd1 Nxe5 19. Qxd5+ Qxd5 20. Rxd5 Nxf3+ 21. Kh1 Nh4 22. Nf4 Bf5 23. Kg1 Bxb2 24. Rad1 Bf6 25.
Rc5 Nf3+ 26. Kf1 Re8 27. Rdc1 Ne5 28. Rc7 Nd3 29. Rd1 Nxf4 30. Bxf4 Be4 31. Be3 Bc6 32. Bb6 Re7 33. Rxe7 Bxe7 34. Be3 h5 35. Re1 Kf7 36.
Kg1 g5 37. Rd1 g4 38. Rd4 Ke6 39. Rf4 Bd6 40. Rd4 Bf3 41. Bf4 Bc5 42. Rc4 Kd5 43. Rc2 h4 44. Rd2+ Ke4 45. Kh2 Kxf4 0-1

[Event "*** Titled Tuesday Blitz"]
[Site "Chess.com"]
[Date "2021.02.02"]
[Round "5"]
[White "novocane"]
[Black "zurzan"]
[Result "0-1"]
[WhiteElo "2248"]
[BlackElo "2033"]
[TimeControl "180+1"]
[EndTime "10:58:48 PST"]
[Termination "zurzan won on time"]

1. d4 d6 2. e4 Nf6 3. f3 Nbd7 4. Be3 e5 5. d5 c6 6. c4 cxd5 7. cxd5 Be7 8. Nc3 O-O 9. Nh3 a6 10. Be2 b5 11. O-O Re8 12. Qd2 Nf8 13. Nf2 Ng6 14. g3 h6 15. a4 b4 16. Na2 a5 17. Nc1 Nh7 18. Bb5 Rf8 19. Bc6 Ba6 20. Bxa8 Bxf1 21. Kxf1 Qxa8 22. Nb3 f5 23. Kg2 f4 24. Bb6 fxg3 25.
hxg3 Ng5 26. Qe3 Rxf3 27. Qxf3 Nxf3 28. Kxf3 Qf8+ 29. Kg2 Bd8 30. Bxa5 Bxa5 31. Nxa5 Qa8 32.
Nc6 Qa6 33. a5 b3 34. Nb4 Qe2 35. Nd3 Ne7 36. a6 Nc8 37. a7 Nxa7 38. Rxa7 g5 39. Rb7 Qc2 40. Rd7 g4 41. Rxd6 Qe2 42. Rf6 h5 43. Rf5 Kg7 44. Kh2 Kg6 0-1

[Event "*** Titled Tuesday Blitz"]
[Site "Chess.com"]
[Date "2021.02.02"]
[Round "5"]
[White "Naaas1"]
[Black "m_ezat"]
[Result "1-0"]
[WhiteElo "2763"]
[BlackElo "2549"]
[TimeControl "180+1"]
[EndTime "10:58:49 PST"]
[Termination "Naaas1 won on time"]

1. d4 Nf6 2. c4 g6 3. Nf3 Bg7 4. g3 O-O 5. Bg2 d6 6. Nc3 Nc6 7. O-O Bg4 8. h3 Bxf3 9. Bxf3 Nd7 10. Be3 e5 11. Bxc6 bxc6 12. Qd2 f5 13. dxe5 Nxe5 14. b3 Qd7 15. Bh6 f4 16. Bxg7 Kxg7 17. Kh2 f3 18. e3 Rf5 19. g4 Rf7 20. Rg1 Kh8 21. Rad1 h5 22. gxh5 Rh7 23. Rg5 Qe7 24. Rdg1 Rg8 25. Qd4 Rxh5 26. Rxh5+ gxh5 27. Rxg8+ Kxg8 28. Qf4 Qg7 29.
Qg3 Kf7 30. Ne4 Qxg3+ 31. Kxg3 Kg6 32. Kf4 c5 33. Nd2 h4 34. e4 1-0

[Event "*** Titled Tuesday Blitz"]
[Site "Chess.com"]
[Date "2021.02.02"]
[Round "5"]
[White "XDPS"]
[Black "GM_LOADING"]
[Result "0-1"]
[WhiteElo "2689"]
[BlackElo "2468"]
[TimeControl "180+1"]
[EndTime "10:58:49 PST"]
[Termination "GM_LOADING won by checkmate"]

1. e4 e5 2. Nf3 Nc6 3. Bc4 Nf6 4. Ng5 d5 5. exd5 Na5 6. Bb5+ c6 7.
dxc6 bxc6 8. Bd3 Nd5 9. Nf3 Bd6 10. O-O O-O 11. Re1 Qc7 12. Nc3 f5 13. Nxd5 cxd5 14. Bf1 e4 15. Nd4 Bxh2+ 16. Kh1 Be5 17. Nb3 Nxb3 18.
axb3 f4 19. d3 Bb7 20. c4 Qb6 21. Kg1 Bd4 22. Qc2 e3 23. Re2 exf2+ 24. Rxf2 f3 25.
g3 Qg6 26. Kh2 Qh5+ 27. Kg1 Qg4 28. Kh2 Rf6 29. Bh3 Qh5 30. Bf4 Bc8 31. Rh1 Rxf4 32. Kg1 Bxh3 33. c5 Qg4 34. Kh2 Rf6 35. Qd2 Rh6 36.
Kg1 Qxg3# 0-1

[Event "*** Titled Tuesday Blitz"]
[Site "Chess.com"]
[Date "2021.02.02"]
[Round "5"]
[White "drragnar1"]
[Black "chessdjw"]
[Result "0-1"]
[WhiteElo "2377"]
[BlackElo "2582"]
[TimeControl "180+1"]
[EndTime "10:58:49 PST"]
[Termination "chessdjw won on time"]

1. c4 e5 2. g3 c6 3. Bg2 d5 4. cxd5 cxd5 5. Nf3 e4 6. Nd4 Bc5 7. Nb3 Bb6 8. O-O Nf6 9. d3 O-O 10. Bg5 h6 11. Bxf6 Qxf6 12. Nc3 Rd8 13. dxe4 dxe4 14. Nxe4 Qxb2 15. Qc1 Qxc1 16. Raxc1 Nc6 17. Nec5 Rb8 18. Rfd1 Rxd1+ 19. Rxd1 Bg4 20. Nxb7 Rxb7 21. Bxc6 Bxe2 22. Rd2 Rc7 23. Rxe2 Rxc6 24. Kg2 Kf8 25. f4 Rc3 26. h3 h5 27. g4 h4 28. f5 Rg3+ 29. Kh2 Bg1+ 30.
Kh1 Bb6 31. Kh2 Bc7 32. Kh1 Rxh3+ 33. Kg1 Bb6+ 34. Kg2 Rg3+ 35. Kh2 Bc7 36. Nd2 Re3+ 0-1

[Event "*** Titled Tuesday Blitz"]
[Site "Chess.com"]
[Date "2021.02.02"]
[Round "5"]
[White "Bodnar_Mykola"]
[Black "hangemhigh"]
[Result "1-0"]
[WhiteElo "2542"]
[BlackElo "2286"]
[TimeControl "180+1"]
[EndTime "10:58:49 PST"]
[Termination "Bodnar_Mykola won on time"]

1. e4 d6 2. d4 Nf6 3. Nc3 c6 4. Bg5 Qb6 5. Rb1 Qa5 6. Bxf6 gxf6 7. Qd2 f5 8. b4 Qb6 9. Nf3 Rg8 10. g3 fxe4 11.
Nxe4 Be6 12. a4 a5 13. b5 Bd5 14. Qe3 Bxe4 15. Qxe4 d5 16. Qxh7 Rg6 17. Bd3 Re6+ 18. Kf1 c5 19. dxc5 Qxc5 20. Kg2 Nd7 21. Rhe1 Rf6 22.
h4 O-O-O 23. h5 Kb8 24. c4 dxc4 25. Rbc1 Qd5 26. Be4 Qd6 27. Rxc4 Ne5 28. Nxe5 Qxe5 29. Re2 Rd4 30. Rxd4 Qxd4 31. Qg8 Qd8 32. g4 e6 33. g5 Rf4 34. f3 Ka7 35. h6 Rh4 36. h7 Qe7 37.
b6+ Kxb6 38. h8=Q Rxh8 39. Qxh8 Qxg5+ 40. Kh3 Bd6 41. Qd4+ Kc7 42. Rc2+ Kd7 43. Qf2 Qf4 44. Kg2 1-0

[Event "*** Titled Tuesday Blitz"]
[Site "Chess.com"]
[Date "2021.02.02"]
[Round "5"]
[White "Ladislav1969"]
[Black "C_K_G"]
[Result "1-0"]
[WhiteElo "2312"]
[BlackElo "2097"]
[TimeControl "180+1"]
[EndTime "10:58:49 PST"]
[Termination "Ladislav1969 won by resignation"]

1. e4 c5 2. c3 d6 3. d4 cxd4 4.
cxd4 a6 5. Nc3 Nf6 6. Bd3 e6 7. Nf3 Be7 8. h3 O-O 9. Be3 b5 10. Rc1 Bb7 11. a3 Nbd7 12. O-O Nb6 13. Qb3 Rc8 14. Rfd1 Nc4 15. Bxc4 Rxc4 16. d5 exd5 17.
exd5 Qd7 18. Rd4 Rfc8 19. Rcd1 h6 20. Nd2 R4c7 21. a4 bxa4 22. Nxa4 Qb5 23. Nb6 Rb8 24. Qxb5 axb5 25. Nb3 Bc8 26. Nxc8 Rbxc8 27. Rb4 Rc2 28. Na5 Nd7 29. Rxb5 Ne5 30. Rb7 Bf6 31. b4 Nc4 32. Nxc4 R8xc4 33. b5 Rb4 34. b6 Rcb2 35. Rd7 Be5 36.
Rc1 g5 37. g3 Rb1 38. Rxb1 Rxb1+ 39. Kg2 Kg7 40. b7 Rb3 41. Ba7 Kf6 42. b8=Q Rxb8 43. Bxb8 Kf5 44. Bxd6 Bd4 45. f3 1-0

[Event "*** Titled Tuesday Blitz"]
[Site "Chess.com"]
[Date "2021.02.02"]
[Round "5"]
[White "cukin84"]
[Black "Eternauta2400"]
[Result "1-0"]
[WhiteElo "2137"]
[BlackElo "2431"]
[TimeControl "180+1"]
[EndTime "10:58:50 PST"]
[Termination "cukin84 won by resignation"]

1. e4 e5 2. Nf3 Nc6 3. c3 Nf6 4. d4 exd4 5. e5 Ne4 6. Qe2 Nc5 7. cxd4 Ne6 8. d5 Ncd4 9. Nxd4 Nxd4 10. Qc4 Qh4 11.
Be3 Bb4+ 12. Nc3 Nc2+ 13. Kd2 Qxc4 14. Bxc4 Nxa1 15. Rxa1 O-O 16. a3 Bxc3+ 17. Kxc3 d6 18. e6 Re8 19. exf7+ Kxf7 20. Bb5 Re5 21. Rc1 a6 22.
Bc4 b5 23. Ba2 Ke7 24. Kb4 Re4+ 25. Kc3 Bb7 26. Kd3 Re5 27. Rxc7+ Kf6 28. Rxb7 Rc8 29. Bd4 h5 30. Bxe5+ Kxe5 31. Rxg7 a5 32. Re7+ Kf5 33. Re6 Rd8 34. Kd4 b4 35. Bb1+ Kf4 36. Rf6+ Kg5 37.
Rg6+ Kf4 38. Bd3 bxa3 39. bxa3 Re8 40. Rxd6 Rg8 41. Rf6+ Kg5 42. Rg6+ Rxg6 43. Bxg6 Kxg6 44. Ke5 Kf7 45. d6 Ke8 46. Ke6 a4 47. h4 Kd8 48. d7 Kc7 49. Ke7 1-0